 Dungeon Crawl Stone Soup version 0.31-a0-66-ge618eeaa78 (webtiles) character file.

Game seed: 8888677830586585815

13578 pokeman the Eclecticist (level 11, -2/61 HPs)
             Began as a Deep Elf Hedge Wizard on May 22, 2023.
             Was an Elder of Vehumet.
             Killed from afar by a gargoyle (27 damage)
             ... with a stone arrow
             ... on level 12 of the Dungeon on May 23, 2023.
             The game lasted 00:32:52 (12317 turns).

pokeman the Eclecticist (Deep Elf Hedge Wizard)    Turns: 12317, Time: 00:32:52

Health: -2/61      AC: 12    Str:  7    XL:     11   Next: 77%
Magic:  38/41      EV: 12    Int: 24    God:    Vehumet [****..]
Gold:   1276       SH:  0    Dex: 14    Spells: 29/41 levels left

rFire   . . .        Q - +2 dagger (venom)
rCold   . . .        (no shield)
rNeg    . . .        C - +2 leather armour {rPois}
rPois   +            p - +0 helmet
rElec   .            r - +1 cloak
rCorr   .            m - +2 pair of gloves
SInv    .            (no boots)
Will    +....        (no amulet)
Stlth   ++           k - ring of wizardry
HPRegen 0.30/turn    q - ring of magical power
MPRegen 0.27/turn

%: wizardry (x1)
@: no status effects
A: no striking features
a: Renounce Religion


You were on level 12 of the Dungeon.
You worshipped Vehumet.
Vehumet was greatly pleased with you.
You visited 1 branch of the dungeon, and saw 12 of its levels.
You also visited: Bailey.

You collected 1276 gold pieces.

Inventory:

Hand Weapons
 F - a +4 quarterstaff of chaos
 Q - a +2 dagger of venom (weapon)
Missiles
 M - a curare-tipped dart
Armour
 m - a +2 pair of gloves (worn)
 p - a +0 helmet (worn)
 r - a +1 cloak (worn)
 u - an orb of mayhem
 C - a +2 leather armour of poison resistance (worn)
 D - +0 steam dragon scales
 O - a scarf of resistance
 P - a +0 buckler
Jewellery
 g - a +6 ring of strength
 k - a ring of wizardry (left hand)
 q - a ring of magical power (right hand)
 S - a ring of willpower
 T - an amulet of faith
 U - a +6 ring of dexterity
Wands
 w - a wand of light (7)
 B - a wand of digging (9)
 E - a wand of flame (60)
 N - a wand of roots (11)
 V - a wand of charming (5)
Scrolls
 a - 2 scrolls of enchant weapon
 c - a scroll of fear
 j - 2 scrolls of blinking
 n - a scroll of vulnerability
 o - 6 scrolls of teleportation
 v - 3 scrolls of poison
 y - 3 scrolls of immolation
 G - a scroll of torment
 I - 3 scrolls of summoning
 K - a scroll of magic mapping {unknown}
 L - a scroll of amnesia {unknown}
 W - a scroll of fog {unknown}
Potions
 b - 3 potions of brilliance {unknown}
 d - a potion of magic
 e - 6 potions of curing
 f - 2 potions of heal wounds {unknown}
 h - 2 potions of ambrosia {unknown}
 l - 2 potions of lignification {unknown}
 s - 2 potions of attraction {unknown}
 t - 9 potions of enlightenment
 x - 2 potions of invisibility {unknown}
 z - 2 potions of mutation {unknown}
 A - 2 potions of berserk rage {unknown}
 H - a potion of degeneration {unknown}
 J - 2 potions of haste {unknown}
 R - a potion of might {unknown}


   Skills:
 - Level 4.0 Fighting
 - Level 5.0 Armour
 - Level 3.3 Dodging
 - Level 3.3 Stealth
 + Level 1.4 Shields
 * Level 15.8 Spellcasting
 + Level 9.4 Conjurations
 - Level 6.0 Summonings
 - Level 1.1 Translocations
 + Level 7.1 Fire Magic
 - Level 1.0 Air Magic
 - Level 1.1 Poison Magic
 - Level 1.1 Evocations


You had 29 spell levels left.
You knew the following spells:

 Your Spells              Type           Power      Damage    Failure   Level
a - Magic Dart            Conj           100%       1d8       1%          1
b - Mephitic Cloud        Conj/Pois/Air  24%        N/A       1%          3
c - Call Imp              Summ           94%        N/A       1%          2
d - Blink                 Tloc           48%        N/A       1%          2
e - Foxfire               Conj/Fire      100%       2x1d9     1%          1
f - Call Canine Familiar  Summ           47%        N/A       1%          3

Your spell library contained the following spells:

 Spells                   Type           Power      Damage    Failure   Level
 Frozen Ramparts          Ice            38%        1d6       1%          3
 Beastly Appendage        Tmut           38%        N/A       1%          1
 Slow                     Hex            76%        N/A       1%          1
 Searing Ray              Conj           100%       2d8       1%          2
 Fulminant Prism          Conj/Hex       16%        3d11      1%          4
 Wereblood                Tmut           19%        N/A       2%          2
 Swiftness                Air            23%        N/A       3%          3
 Cigotuvi's Dreadful Rot  Necr/Pois/Air  18%        N/A       6%          2
 Ensorcelled Hibernation  Hex/Ice        18%        N/A       6%          2
 Passwall                 Tmut/Erth      7%         N/A       6%          2
 Portal Projectile        Hex/Tloc       24%        N/A       9%          3
 Spider Form              Tmut/Pois      12%        N/A       9%          3
 Leda's Liquefaction      Hex/Erth       4%         N/A       34%         4


Dungeon Overview and Level Annotations

Branches:
Dungeon (12/15)            Temple (0/1) D:7            Lair (0/5) D:8
    Orc (0/2) D:10         Bailey (visited)

Altars:
Ashenzari
Cheibriados
Fedhas
Gozag
Hepliaklqana
Nemelex Xobeh
Okawaru
Qazlal
Ru
Sif Muna
Uskayaw
Vehumet
Wu Jian

Shops:
D:8 (

Annotations:
D:7 2 transporters
D:9 2 transporters, Licon's ghost, novice DgFi


Message History

An orc comes into view. It is wielding a +0 flail.
Casting: Foxfire (safe; 1% risk of failure)
Confirm with . or Enter, or press ? or * to list all spells.
You don't know that spell.
Casting: Foxfire (safe; 1% risk of failure)
Confirm with . or Enter, or press ? or * to list all spells.
You conjure some foxfire!
The foxfire hits the orc.
The orc is heavily wounded.
The foxfire hits the orc.
You kill the orc!
Vehumet accepts your kill.
You feel your power returning.
Unknown command.
You open the door.
There is an open door here.
You open the door.
There is an open door here.
Found a cloak.
You hear the faint crackling of a very distant melting archway.
You open the door.
There is an open door here.
As you open the door, it creaks loudly!
There is an open door here.
You open the door.
There is an open door here.
You open the door.
Found a stone staircase leading up.
There is an open door here.
You open the door.
A gargoyle comes into view. It is wielding a +0 flail.
Casting: Foxfire (safe; 1% risk of failure)
Confirm with . or Enter, or press ? or * to list all spells.
You hear the faint crackling of a melting archway very nearby.
The gargoyle hurls a stone arrow at you.
The stone arrow hits you!! The gargoyle attacks as you move away!
The gargoyle hits you with a +0 flail!
The gargoyle hurls a stone arrow at you.
The stone arrow hits you!!
You die...

###+#
#...#
...#
..#
##9#
##..#
#.h@#
+...#
#...#
##<.#
#..#
#..#
#..#
#..#
##'#


You could see a gargoyle (ally target) and a friendly wolf (summoned).

Vanquished Creatures
  Josephine (D:11)
  3 two-headed ogres (D:10)
  An orc knight (Bailey)
  An ugly thing (D:7)
  A manticore (D:11)
  Joseph (D:7)
  Psyche (D:11)
  Maggie (D:6)
  A komodo dragon (D:10)
  4 trolls
  Grinder (D:5)
  A shadow (D:11)
  2 wraiths
  A wyvern (D:9)
  A vampire (D:8)
  4 yaks (D:11)
  2 vampire mosquitoes (D:9)
  4 steam dragons
  Edmund (D:6)
  3 water moccasins
  Duvessa (D:5)
  8 orc warriors
  A black bear (D:7)
  2 ogres (D:4)
  2 sky beasts
  2 wolves (D:8)
  A centaur (D:10)
  A phantom (D:5)
  A kobold brigand (D:8)
  3 bullfrogs
  A gnoll sergeant (D:7)
  5 wights
  Dowan (D:5)
  5 killer bees
  4 electric eels (D:8)
  6 hounds
  2 jellies
  5 orc priests
  Crazy Yiuf (D:6)
  2 sleepcaps (D:6)
  5 iguanas
  13 orc wizards
  6 gnolls (D:7)
  4 adders
  A shadow imp (D:7)
  2 white imps
  An ufetubus (D:4)
  A worm (D:2)
  A dart slug (D:4)
  32 orcs
  9 ball pythons
  8 endoplasms
  2 giant cockroaches (D:4)
  15 goblins
  3 hobgoblins
  7 jackals
  24 kobolds
  5 quokkas
  4 bats
  2 frilled lizards
  3 rats
  A foxfire (D:10)
238 creatures vanquished.

Vanquished Creatures (collateral kills)
  Nergalle (D:11)
  A gargoyle (D:10)
  3 wraiths (D:10)
  A vampire mosquito (D:9)
  A wolf (D:8)
  A worm (D:3)
  An orc (D:3)
9 creatures vanquished.

Vanquished Creatures (others)
  A killer bee (D:7)
  1077 foxfires
1078 creatures vanquished.

Grand Total: 1325 creatures vanquished

Notes
Turn   | Place    | Note
-------+----------+-------------------------------------------
     0 | D:1      | pokeman the Deep Elf Hedge Wizard began the quest for the
                  | Orb.
     0 | D:1      | Reached XP level 1. HP: 10/10 MP: 7/7
   191 | D:1      | Reached XP level 2. HP: 16/16 MP: 6/9
   629 | D:1      | You fall into a shaft and drop 1 floor!
   706 | D:2      | Reached skill level 5 in Spellcasting
   857 | D:1      | Reached XP level 3. HP: 19/20 MP: 5/11
   861 | D:1      | Learned a level 3 spell: Mephitic Cloud
   864 | D:1      | Learned a level 2 spell: Call Imp
   867 | D:1      | Learned a level 2 spell: Blink
  1834 | D:2      | Reached skill level 1 in Armour
  2015 | D:3      | Reached skill level 1 in Fighting
  2096 | D:3      | Reached XP level 4. HP: 25/25 MP: 5/13
  2223 | D:3      | Found an ornate altar of the Wu Jian Council.
  2224 | D:3      | Found a hide-covered altar of Uskayaw.
  2226 | D:3      | Found a sacrificial altar of Ru.
  2228 | D:3      | Found a snail-covered altar of Cheibriados.
  2229 | D:3      | Found a hazy altar of Hepliaklqana.
  2231 | D:3      | Found a broken altar of Ashenzari.
  2232 | D:3      | Found an opulent altar of Gozag.
  2451 | D:3      | Found a faded altar of an unknown god.
  2643 | D:3      | Found a radiant altar of Vehumet.
  2649 | D:3      | Became a worshipper of Vehumet
  2738 | D:3      | HP: 1/25 [orc wizard/magic dart (7)]
  3099 | D:4      | Reached skill level 6 in Spellcasting
  3132 | D:4      | Noticed an ogre
  3139 | D:4      | Killed an ogre
  3140 | D:4      | Reached XP level 5. HP: 22/29 MP: 9/15
  3420 | D:4      | Noticed an ogre
  3429 | D:4      | Killed an ogre
  3430 | D:4      | Reached skill level 1 in Poison Magic
  3430 | D:4      | Reached XP level 6. HP: 15/34 MP: 13/17
  3550 | D:4      | Reached skill level 7 in Spellcasting
  3638 | D:4      | Reached skill level 1 in Air Magic
  3843 | D:4      | Reached * piety under Vehumet
  3843 | D:4      | Offered knowledge of Foxfire by Vehumet.
  3847 | D:4      | Learned a level 1 spell: Foxfire
  4292 | D:5      | Entered Level 5 of the Dungeon
  4373 | D:5      | Noticed Duvessa
  4373 | D:5      | Noticed Dowan
  4391 | D:5      | Killed Duvessa
  4392 | D:5      | Reached XP level 7. HP: 30/39 MP: 7/20
  4393 | D:5      | Killed Dowan
  4634 | D:5      | Noticed Grinder
  4669 | D:5      | Reached skill level 8 in Spellcasting
  4709 | D:5      | Paralysed by Grinder for 3 turns
  4726 | D:5      | Killed Grinder
  5101 | D:5      | Reached XP level 8. HP: 44/44 MP: 18/22
  5375 | D:6      | Noticed Edmund
  5414 | D:6      | Reached skill level 9 in Spellcasting
  5416 | D:6      | Killed Edmund
  5747 | D:6      | Reached skill level 5 in Conjurations
  5752 | D:6      | Noticed Maggie
  5774 | D:6      | Killed Maggie
  5775 | D:6      | Reached skill level 10 in Spellcasting
  6043 | D:6      | Found a runed translucent door.
  6044 | D:6      | Noticed Crazy Yiuf
  6053 | D:6      | Killed Crazy Yiuf
  6206 | D:6      | Reached XP level 9. HP: 21/46 MP: 25/25
  6299 | D:7      | Noticed Joseph
  6319 | D:7      | Reached skill level 1 in Fire Magic
  6331 | D:7      | Killed Joseph
  6332 | D:7      | Reached skill level 11 in Spellcasting
  6332 | D:7      | Reached skill level 5 in Summonings
  6707 | D:7      | Reached ** piety under Vehumet
  6707 | D:7      | Offered knowledge of Freeze by Vehumet.
  6781 | D:7      | Reached skill level 12 in Spellcasting
  6934 | D:7      | Found a staircase to the Ecumenical Temple.
  6951 | D:7      | Found a transporter.
  6954 | D:7      | Noticed a brown ugly thing
  6990 | D:7      | Killed a brown ugly thing
  6991 | D:7      | Reached XP level 10. HP: 39/56 MP: 22/28
  7281 | D:7      | Found a transporter.
  7281 | D:7      | Noticed a death knight
  7305 | D:7      | Found a sparkling altar of Nemelex Xobeh.
  7561 | D:8      | Found a flagged portal.
  7570 | Bailey   | Entered a bailey
  7575 | Bailey   | Learned a level 3 spell: Call Canine Familiar
  7624 | Bailey   | Offered knowledge of Scorch by Vehumet.
  7914 | Bailey   | Noticed an orc knight
  7943 | Bailey   | Killed an orc knight
  7944 | Bailey   | Reached skill level 13 in Spellcasting
  7955 | Bailey   | Reached *** piety under Vehumet
  8232 | D:8      | Found a staircase to the Lair.
  8482 | D:8      | Found a stormy altar of Qazlal.
  8489 | D:8      | Found a blossoming altar of Fedhas.
  8670 | D:8      | Found Vueculodd's Weapon Emporium.
  8836 | D:9      | Offered knowledge of Frozen Ramparts by Vehumet.
  8980 | D:9      | Reached skill level 5 in Fire Magic
  9215 | D:9      | Found a transporter.
  9215 | D:9      | Noticed Licon's ghost (novice DgFi)
  9265 | D:9      | Reached skill level 14 in Spellcasting
  9365 | D:9      | Found an iron altar of Okawaru.
  9426 | D:9      | Found a transporter.
  9944 | D:10     | Entered Level 10 of the Dungeon
  9989 | D:10     | Noticed a two-headed ogre
 10000 | D:10     | Killed a two-headed ogre
 10001 | D:10     | Reached XP level 11. HP: 61/61 MP: 30/31
 10292 | D:10     | Noticed a two-headed ogre
 10310 | D:10     | Killed a two-headed ogre
 10565 | D:10     | Found a staircase to the Orcish Mines.
 10589 | D:10     | Noticed a two-headed ogre
 10596 | D:10     | Killed a two-headed ogre
 10764 | D:10     | Found a shimmering blue altar of Sif Muna.
 10974 | D:10     | Reached skill level 15 in Spellcasting
 11053 | D:11     | Noticed Josephine
 11117 | D:11     | Killed Josephine
 11141 | D:11     | Noticed Psyche
 11147 | D:11     | Killed Psyche
 11148 | D:11     | Reached skill level 5 in Armour
 11315 | D:11     | Reached skill level 1 in Evocations
 11574 | D:11     | Reached skill level 1 in Shields
 11579 | D:11     | Reached **** piety under Vehumet
 11682 | D:11     | Noticed Nergalle
 11714 | D:11     | Killed Nergalle
 12317 | D:12     | Killed from afar by a gargoyle

Illustrated notes

Levels and vault maps discovered:
D:1:      dpeg_arrival_simpleton_a, layout_loops_cross, item_on_display_a
D:2:      layout_basic, amethyst_killhole
D:3:      layout_basic, mainiacjoe_overflow_24_doors,
          grunt_temple_overflow_open,
          hellmonk_ecumenical_altar_pennies_from_heaven
D:4:      kb_forest_paths, layout_basic
D:5:      layout_layer_cave, uniq_duvessa, uniq_grinder
D:6:      layout_rooms, uniq_edmund, uniq_maggie, uniq_crazy_yiuf_cottage
D:7:      layout_rooms, gammafunk_temple_overflow_arena,
          minmay_temple_entry_wispy, uniq_joseph
D:8:      layout_cave_pools, grunt_temple_overflow_forces_of_nature,
          erik_lair_island, enter_bailey_2, serial_shops, nicolae_shop_crystal
D:9:      layout_basic, mainiacjoe_overflow_tiny_flanked,
          gammafunk_ghost_stat_death
D:10:     layout_grid_maze, general_overflow_altar, orc_0_dummy,
          minmay_misc_feat_five, minmay_liquid_box
D:11:     layout_long_grid, uniq_josephine, uniq_psyche, uniq_nergalle
D:12:     layout_gridville, portal_ice_cave_entry_imps, uniq_lodul, uniq_urug

Skill      XL: |  1  2  3  4  5  6  7  8  9 10 11 |
---------------+----------------------------------+-----
Spellcasting   | 5 6 7 8 10 12 14 15 | 15.8
Conjurations   | 2 3 4 5 6 8 9 |  9.4
Armour         | 1 3 4 5 |  5.0
Fighting       | 1 2 3 4 |  4.0
Dodging        | 3 |  3.3
Stealth        | 3 |  3.3
Poison Magic   | 1 |  1.1
Air Magic      | 1 |  1.0
Summonings     | 2 3 4 5 6 |  6.0
Fire Magic     | 3 5 7 |  7.1
Evocations     | 1 |  1.1
Shields        | 1 |  1.4
Translocations | |  1.1

Action                     |  1- 3 |  4- 6 |  7- 9 | 10-12 || total
---------------------------+-------+-------+-------+-------++-------
  Melee: Dagger            |    16 |    38 |    24 |    60 ||   138
         Whip              |       |       |    52 |    33 ||    85
         Punch             |       |       |     2 |     2 ||     4
   Cast: Magic Dart        |    92 |    81 |     1 |     2 ||   176
         Call Imp          |     1 |     2 |     5 |       ||     8
         Mephitic Cloud    |       |     8 |    22 |    40 ||    70
         Foxfire           |       |    30 |   201 |   358 ||   589
         Blink             |       |       |     9 |     5 ||    14
         Call Canine Famil |       |       |       |    17 ||    17
  Evoke: Wand              |       |       |     3 |       ||     3
    Use: Potion            |       |     1 |       |       ||     1
         Scroll            |       |       |       |     9 ||     9
   Stab: Sleeping          |     1 |       |     1 |       ||     2
         Confused          |       |     4 |     2 |     9 ||    15
 Armour: Robe              |     3 |    25 |    16 |       ||    44
         Leather armour    |       |       |    33 |    45 ||    78
  Dodge: Dodged            |    16 |    22 |    87 |    85 ||   210

Table legend: (Time is in decaauts)
 A = Elapsed time spent in this place.
 B = Non-inter-level travel time spent in this place.
 C = Inter-level travel time spent in this place.
 D = Time resting spent in this place.
 E = Time spent auto-exploring this place.
 F = Levels seen in this place.
 G = Mean time per level.
                   A        B        C        D        E       F      G
               +--------+--------+--------+--------+--------+-----+--------+
         Total |  12377 |  12044 |    333 |    506 |   9294 |  13 |  952.1 |
       Dungeon |  11785 |  11452 |    333 |    473 |   8929 |  12 |  982.1 |
        Bailey |    592 |    592 |      0 |     33 |    365 |   1 |  592.0 |
               +--------+--------+--------+--------+--------+-----+--------+

Top non-repeatable levels by time:
     D:6: 1359 daAuts
     D:4: 1230 daAuts
    D:11: 1167 daAuts
    D:10: 1147 daAuts
     D:9: 1139 daAuts
     D:1: 1137 daAuts
     D:3: 1058 daAuts
     D:5: 957 daAuts
     D:7: 925 daAuts
     D:2: 866 daAuts
     D:8: 695 daAuts
  Bailey: 592 daAuts
    D:12: 101 daAuts
